Map: Inside and Out

Players

juanchos - Winner!

  • Race: Zerg Zerg
  • League: Platinum
  • Spawn Location: 7:00

MattBarry

  • Race: Zerg Zerg
  • League: Gold
  • Spawn Location: 1:00

VOD

Have the link to the VOD?

Description

Time

  • Played on: Jan. 21, 2023, 1:48 a.m.
  • Length: 5:22
Show
View Real Time Build Order
Export as new Build Order

juanchos Zerg - Winner!

Build Orders: Hatch First 

Get SALT Encoding   

  12  0:03  Drone  
  13  0:12  Drone  
  14  0:16  Drone, Extractor  
  15  0:22  Overlord  
  15  0:48  Hatchery  
  14  0:53  Drone  
  15  0:58  Drone  
  16  1:08  Spawning Pool  
  16  1:10  Drone  
  16  1:15  Drone  
  17  1:18  Drone  
  18  1:27  Extractor  
  18  1:28  Overlord  
  17  1:55  Queen  
  17  2:00  Queen  
  21  2:02  Zergling x6  
  25  2:14  Spine Crawler  
  23  2:26  Metabolic Boost  
  23  2:50  Zergling x12  
  29  3:02  Zergling x4  
  31  3:17  Drone  
  31  3:18  Drone x2  
  35  3:20  Zergling x2  
  35  3:31  Overlord  
  35  3:46  Zergling x2  
  36  3:51  Zergling x8  
  36  3:52  Zergling x8  
  44  4:23  Overlord x2  
  44  4:41  Zergling x4  
  44  4:42  Zergling x14  
  44  4:43  Zergling x2  
  43  5:03  Zergling x6  
  43  5:04  Zergling x6  
Show
View Real Time Build Order
Export as new Build Order

MattBarry Zerg 

Build Orders: Pool First 

Get SALT Encoding   

  12  0:00  Drone  
  13  0:12  Drone  
  14  0:20  Extractor  
  14  0:21  Drone  
  15  0:33  Spawning Pool  
  14  0:37  Drone, Extractor  
  14  0:51  Overlord  
  14  1:10  Drone x2  
  16  1:20  Zergling x2  
  16  1:22  Zergling x2  
  18  1:33  Zergling x2  
  18  1:39  Metabolic Boost  
  19  1:44  Drone  
  20  1:54  Hatchery  
  19  1:56  Queen  
  21  2:02  Zergling x2  
  22  2:23  Overlord  
  22  2:27  Extractor  
  22  2:28  Zergling x4, Evolution Chamber  
  24  2:41  Zergling x2  
  25  2:50  Queen  
  27  2:53  Zergling x2  
  28  3:01  Overlord  
  28  3:11  Evolution Chamber  
  27  3:14  Extractor  
  27  3:15  Zergling x4  
  27  3:16  Zergling x2, Evolution Chamber  
  30  3:23  Queen  
  30  3:25  Zergling x8  
  36  3:31  Overlord  
  36  3:38  Zergling x4  
  35  3:47  Zergling x2  
  36  3:52  Zergling x8  
  39  4:17  Drone x4  
  43  4:26  Spine Crawler  
  42  4:32  Baneling Nest  
  14  4:53  Zergling x8  
  16  5:04  Zergling x2  
Tags
 
Add a new tag
Caveats
  • Supply blocks, unpowered buildings, or Contaminate may cause inaccurate times.
  • Supply counts are checked every 10 seconds.